 Dungeon Crawl Stone Soup version 0.24-a0-117-g53b51606c3 (webtiles) character file.

Game seed: 0

26 Morbidden the Insei (level 3, -5/18 HPs)
             Began as a Vine Stalker Transmuter on Feb 18, 2019.
             Slain by an ogre
             ... wielding a +0 giant spiked club
              (23 damage)
             ... on level 2 of the Dungeon.
             The game lasted 00:02:31 (1236 turns).

Morbidden the Insei (Vine Stalker Transmuter)       Turns: 1236, Time: 00:02:31

Health: -5/18      AC:  2    Str: 13    XL:     3   Next: 8%
Magic:  0/7        EV: 12    Int: 13    God:
Gold:   148        SH:  0    Dex: 14    Spells: 6/7 levels left

rFire    . . .     SeeInvis .     - Unarmed
rCold    . . .     Gourm    .   (no shield)
rNeg     . . .     Faith    .   b - +0 robe
rPois    .         Spirit   +   (no helmet)
rElec    .         Reflect  .   (no cloak)
rCorr    .         Harm     .   (no gloves)
MR       .....                  (no boots)
Stlth    +.........             (no amulet)
HPRegen  0.06/turn              (no ring)
MPRegen  0.10/turn              (no ring)

@: appendage (expiring)
A: fangs 2, horns 2, magic shield, antimagic bite, no potion heal 3, rot
immunity
a: End Transformation


You were on level 2 of the Dungeon.
You were not hungry.
You had grown temporary horns.
You visited 1 branch of the dungeon, and saw 2 of its levels.

You collected 148 gold pieces.

Inventory:

Missiles
 a - 18 arrows
Armour
 b - a +0 robe (worn)
Scrolls
 e - a scroll of teleportation {unknown}
 f - a scroll of fog {unknown}
Potions
 c - a potion of heal wounds {unknown}
Comestibles
 d - 4 rations
 g - a chunk of flesh


   Skills:
 * Level 1.3 Fighting
 + Level 1.6 Dodging
 + Level 0.1 Stealth
 * Level 3.5 Unarmed Combat
 * Level 2.5 Spellcasting
 + Level 2.1 Transmutations


You had 6 spell levels left.
You knew the following spells:

 Your Spells              Type           Power        Failure   Level  Hunger
a - Beastly Appendage     Tmut           #.....       10%         1    #......

Your spell library contained the following spells:

 Spells                   Type           Power        Failure   Level  Hunger
 Sticks to Snakes         Tmut           #.......     16%         2    ###....
 Spider Form              Tmut/Pois      #.........   43%         3    ###....
 Ice Form                 Ice/Tmut       #.......     83%         4    #####..
 Blade Hands              Tmut           #.........   95%         5    ######.


Dungeon Overview and Level Annotations

Branches:
Dungeon (2/15)

Altars:


Innate Abilities, Weirdness & Mutations

You have extremely sharp teeth.
When hurt, damage is shared between your health and your magic reserves.
Your bite disrupts and absorbs the magic of your enemies.
Potions cannot restore your health.
You are immune to rotting.
You have a pair of horns on your head.


Message History

There is a stone staircase leading up here.
Unknown command.
Unknown command.
An ogre comes into view. It is wielding a +0 giant spiked club.
Unknown command.
Casting: Beastly Appendage (safe; 10% risk of failure)
Confirm with . or Enter, or press ? or * to list all spells.
You grow a pair of large bovine horns.
You hit the ogre. You headbutt the ogre! You bite the ogre.
You drain its power.
You feel invigorated.
The ogre is heavily wounded.
You hit the ogre. You bite the ogre. You drain its power.
The ogre is severely wounded.
The ogre barely misses you.
You hit the ogre. You bite the ogre, but do no damage.
The ogre is severely wounded.
Your transformation is almost over.
The ogre hits you with a +0 giant spiked club!!
Ouch! That really hurt!
You die... .# .# .# .# .# .# #####O# #..<@.# #.##### #

You could see an ogre.

Vanquished Creatures
  A dart slug (D:1)
  2 leopard geckos (D:1)
  2 giant cockroaches (D:1)
  7 goblins (D:1)
  2 hobgoblins (D:1)
  4 kobolds (D:1)
  A bat (D:1)
  2 frilled lizards (D:1)
  A fungus (D:1)
22 creatures vanquished.

Vanquished Creatures (others)
  3 toadstools (D:1)
3 creatures vanquished.

Grand Total: 25 creatures vanquished

Notes
Turn   | Place    | Note
-------+----------+-------------------------------------------
     0 | D:1      | Morbidden the Vine Stalker Transmuter began the quest for
                  | the Orb.
     0 | D:1      | Reached XP level 1. HP: 9/9 MP: 4/4
   194 | D:1      | Reached skill level 1 in Fighting
   311 | D:1      | Reached XP level 2. HP: 7/14 MP: 0/6
  1150 | D:1      | Reached XP level 3. HP: 18/18 MP: 7/7
  1232 | D:2      | Noticed an ogre
  1236 | D:2      | Slain by an ogre

Levels and vault maps discovered:
D:1:      grunt_arrival_lava_bath, layout_basic, minmay_gold_behind_fungi,
          minmay_pentomino_s2
D:2:      layout_loops_ring, kennysheep_slug_shrine, led_sif_pool,
          nicolae_overflow_crystal_walls, chequers_ecumenical_altar_lobes,
          grunt_decor_clamped

Skill      XL: |  1 |
---------------+----+-----
Fighting       | 1 |  1.3
Dodging        | |  1.6
Stealth        | |  0.1
Unarmed Combat | |  3.5
Spellcasting   | |  2.5
Transmutations | |  2.1

Action                   || total
-------------------------++-------
Melee: Unarmed           ||    76
       Bite              ||    24
       Kick              ||     4
       Punch             ||     2
       Headbutt          ||     3
 Cast: Beastly Appendage ||    12
  Eat: Chunk             ||     1
Armor: Robe              ||     9
Dodge: Dodged            ||    35

Table legend:
 A = Non-vault XP
 B = Vault XP
 C = Vault XP percentage of total XP
 D = Non-vault monster count
 E = Vault monster count
 F = Vault count percentage of total count
                 A         B        C        D         E       F
            +---------+---------+-------+---------+---------+-------
      Total |      37 |       1 |   2.6 |      20 |       1 |   4.8
            +---------+---------+-------+---------+---------+-------
        D:1 |      37 |       1 |   2.6 |      20 |       1 |   4.8
            +---------+---------+-------+---------+---------+-------
